 Dungeon Crawl Stone Soup version 0.32-a0-540-g866d13106e (webtiles) character file.

Game seed: 14008557930177712041

16 grandjackal the Slasher (level 2, 0/22 HPs)
             Began as a Demonspawn Gladiator on Feb 29, 2024.
             Slain by a gnoll
             ... wielding a +0 spear
              (2 damage)
             ... on level 2 of the Dungeon.
             The game lasted 00:00:36 (823 turns).

grandjackal the Slasher (Demonspawn Gladiator)       Turns: 823, Time: 00:00:37

Health: 0/22       AC:  5    Str: 14    XL:     2   Next: 37%
Magic:  2/2        EV: 11    Int:  8    God:
Gold:   117        SH:  0    Dex: 14    Spells: 1/1 levels left

rFire   . . .        a - +0 long sword
rCold   . . .        (no shield)
rNeg    . . .        f - +0 ring mail
rPois   .            (helmet restricted)
rElec   .            (no cloak)
rCorr   .            (no gloves)
SInv    .            (no boots)
Will    .....        (no amulet)
Stlth   +            (no ring)
HPRegen 0.23/turn    (no ring)
MPRegen 0.08/turn

%: no passive effects
@: no status effects
A: horns 1
a: no special abilities


You were on level 2 of the Dungeon.
You visited 1 branch of the dungeon, and saw 2 of its levels.

You collected 117 gold pieces.

Inventory:

Hand Weapons
 a - a +0 long sword (weapon)
Missiles
 d - 3 throwing nets (quivered)
 e - a javelin
Armour
 f - a +0 ring mail (worn)
Scrolls
 c - a scroll of poison {unknown}
 g - a scroll of teleportation {unknown}
 i - a scroll of blinking {unknown}
 j - 2 scrolls of enchant weapon {unknown}
Potions
 b - a potion of might {unknown}
 h - a potion of curing {unknown}


   Skills:
 + Level 2.3 Fighting
 + Level 2.9 Long Blades
 - Level 2.0 Throwing
 + Level 2.9 Dodging


You had one spell level left.
You didn't know any spells.
Your spell library contained the following spells:

 Spells                   Type           Power      Damage    Failure   Level
 Inner Flame              Hex/Fire       0%         N/A       95%         3
 Flame Wave               Conj/Fire      0%         2d4       100%        4
 Sticky Flame             Fire/Alch      0%         2d4       100%        4


Dungeon Overview and Level Annotations

Branches:
Dungeon (2/15)

Altars:


Innate Abilities, Weirdness & Mutations

You have a pair of small horns on your head.


Message History

An endoplasm comes into view.
The endoplasm quivers.
An endoplasm is nearby!
A giant cockroach comes into view.
The endoplasm freezes you.
You are frozen.
You barely miss the endoplasm. You headbutt the endoplasm.
You kill the endoplasm!
The giant cockroach closely misses you.
You hit the giant cockroach. You headbutt the giant cockroach.
You kill the giant cockroach!
No target in view!
No target in view!
A gnoll comes into view. It is wielding a +0 spear.
The gnoll shouts!
You hear a shout! x2
A gnoll is nearby!
A gnoll is nearby!
A goblin and a gnoll come into view.
The goblin shouts!
A gnoll comes into view. It is wielding a +0 spear.
The gnoll shouts!
The goblin hits you but does no damage. The gnoll closely misses you.
You hit the gnoll but do no damage. You headbutt the gnoll.
The gnoll is heavily wounded.
The goblin closely misses you. The gnoll hits you with a +0 spear. x2
The goblin hits you with a +0 club.
The gnoll hits you from afar with a +0 spear.
* * * LOW HITPOINT WARNING * * *
The gnoll closely misses you.
You barely miss the gnoll.
The gnoll is heavily wounded.
The goblin hits you but does no damage.
The gnoll hits you from afar with a +0 spear.
* * * LOW HITPOINT WARNING * * *
The gnoll barely misses you. x2
Unknown command.
The gnoll barely misses you. The gnoll attacks as it pursues you!
The gnoll hits you from afar with a +0 spear.
You die...

##..... .. .
....... .. ..
##..... .# ..
.......#.##.#
.....g...
#.g..##.###
#.#gg......
#.#.####..#
#..@......#
####.#####.##.
#.............
#.#........##
#.#...######
.###.......###
.............#
###.......#.#
##........###


You could see 3 gnolls and a goblin.

Vanquished Creatures
  A ribbon worm (D:2)
  2 bats (D:1)
  2 endoplasms
  A giant cockroach (D:2)
  2 goblins (D:1)
  2 kobolds
  2 ball pythons
  A frilled lizard (D:2)
13 creatures vanquished.

Notes
Turn   | Place    | Note
-------+----------+-------------------------------------------
     0 | D:1      | grandjackal the Demonspawn Gladiator began the quest for
                  | the Orb.
     0 | D:1      | Reached XP level 1. HP: 16/16 MP: 1/1
   736 | D:2      | Gained mutation: You have a pair of small horns on your
                  | head. [demonic ancestry]
   736 | D:2      | Reached XP level 2. HP: 22/22 MP: 2/2
   821 | D:2      | HP: 1/22 [gnoll/+0 spear (5)]
   823 | D:2      | Slain by a gnoll

Illustrated notes

Levels and vault maps discovered:
D:1:      dpeg_arrival_rooms_b, layout_loops_cross
D:2:      layout_loops_ring, minmay_parallelograms

Skill      XL: |  1 |
---------------+----+-----
Throwing       | 2 |  2.0
Fighting       | |  2.3
Long Blades    | |  2.9
Dodging        | |  2.9

Action                     || total
---------------------------++-------
  Melee: Long sword        ||    35
         Headbutt          ||     4
 Armour: Ring mail         ||    31
  Dodge: Dodged            ||    23

Table legend: (Time is in decaauts)
 A = Elapsed time spent in this place.
 B = Non-inter-level travel time spent in this place.
 C = Inter-level travel time spent in this place.
 D = Time resting spent in this place.
 E = Time spent auto-exploring this place.
 F = Levels seen in this place.
 G = Mean time per level.
                   A        B        C        D        E       F      G
               +--------+--------+--------+--------+--------+-----+--------+
         Total |    831 |    785 |     46 |      0 |    672 |   2 |  415.5 |
       Dungeon |    831 |    785 |     46 |      0 |    672 |   2 |  415.5 |
               +--------+--------+--------+--------+--------+-----+--------+

Top non-repeatable levels by time:
     D:1: 732 daAuts
     D:2: 99 daAuts
